 Dungeon Crawl Stone Soup version 0.30-a0-586-g23e55c9e0a (webtiles) character file.

Game seed: 2366484769124498360

3019 Juicyj the Ruffian (level 9, -1/133 HPs)
             Began as a Troll Fighter on Jan 3, 2023.
             Slain by a human
             ... wielding a +0 war axe
              (8 damage)
             ... in a bailey.
             The game lasted 00:07:23 (5812 turns).

Juicyj the Ruffian (Troll Fighter)                  Turns: 5812, Time: 00:07:23

Health: -1/133     AC: 28    Str: 26    XL:     9   Next: 55%
Magic:  8/8        EV:  1    Int:  4    God:
Gold:   394        SH: 10    Dex: 19    Spells: 8/8 levels left

rFire   . . .      SeeInvis .      - Unarmed
rCold   . . .      Faith    .    b - +0 kite shield
rNeg    . . .      Spirit   .    (body armour currently unavailable)
rPois   +          Reflect  .    (helmet currently unavailable)
rElec   .          Harm     .    (cloak currently unavailable)
rCorr   .          Rampage  .    (gloves unavailable)
Will    .....      NoTele   +    (boots unavailable)
Stlth   ++                       (no amulet)
HPRegen 1.22/turn                g - +6 ring of dexterity
MPRegen 0.11/turn                l - +4 ring of protection

@: tree-form, hasted, very quick
A: stationary, stasis, torment immunity, boosted hp, large, unfitting armour,
(claws 3), regeneration 1, (shaggy fur 1), (tough skin 1)
a: no special abilities


You were in a bailey.
You were a tree.
You visited 1 branch of the dungeon, and saw 7 of its levels.
You also visited: Bailey.

You collected 394 gold pieces.

Inventory:

Armour
 a - a +0 robe (melded)
 b - a +0 kite shield (worn)
Jewellery
 g - a +6 ring of dexterity (left branch)
 i - a ring of flight
 l - a +4 ring of protection (right branch)
Wands
 f - a wand of charming (8)
 o - a wand of polymorph (21)
Scrolls
 d - a scroll of noise
 j - 2 scrolls of teleportation
 k - a scroll of vulnerability
 p - a scroll of silence
 s - a scroll of enchant armour {unknown}
 u - a scroll of identify
Potions
 c - 2 potions of might
 h - 3 potions of brilliance
 m - a potion of lignification
 n - a potion of degeneration


   Skills:
 + Level 6.1 Fighting
 + Level 6.1 Dodging
 + Level 6.7 Shields
 + Level 6.9 Unarmed Combat


You had 8 spell levels left.
You didn't know any spells.
Your spell library contained the following spells:

 Spells                   Type           Power      Damage    Failure   Level
 Freeze                   Ice            0%         1d3       75%         1
 Sandblast                Erth           0%         2d4       75%         1
 Passwall                 Tmut/Erth      0%         N/A       87%         2
 Sublimation of Blood     Necr           0%         N/A       87%         2
 Wereblood                Tmut           0%         N/A       87%         2
 Frozen Ramparts          Ice            0%         1d1       98%         3
 Gell's Gravitas          Tloc           0%         N/A       98%         3
 Hailstorm                Conj/Ice       0%         3d3       98%         3
 Lesser Beckoning         Tloc           0%         N/A       98%         3
 Stone Arrow              Conj/Erth      0%         3d7       98%         3
 Teleport Other           Tloc           0%         N/A       98%         3
 Ice Form                 Ice/Tmut       0%         N/A       100%        4
 Summon Ice Beast         Ice/Summ       0%         N/A       100%        4
 Dispersal                Tloc           0%         N/A       100%        6
 Summon Hydra             Summ           0%         N/A       100%        7


Dungeon Overview and Level Annotations

Branches:
Dungeon (7/15)             Temple (0/1) D:4          Bailey (1/1)

Altars:
Elyvilon
Hepliaklqana
Okawaru
Vehumet
Zin

Annotations:
D:3 2 runed translucent doors, bchevrier's ghost, amateur GnWn


Innate Abilities, Weirdness & Mutations

You are a tree.
Your roots penetrate the ground, keeping you stationary.
You cannot be teleported.
You are immune to unholy pain and torment.
Your maximum health is greatly increased.
Your equipment is partially melded.
You are too large for most types of armour.
((You have claws for hands.))
Your natural rate of healing is unusually fast.
((You are covered in fur. (AC +1)))
((You have tough skin. (AC +1)))


Message History

The bullfrog hits you but does no damage.
You block the human's attack. The bullfrog hits you.
* * * LOW HITPOINT WARNING * * *
The human hits you but does no damage. You block the bullfrog's attack.
The human hits you but does no damage. You block the human's attack.
You block the bullfrog's attack. The human hits you but does no damage.
The bullfrog hits you but does no damage.
The human hits you with a +0 war axe.
* * * LOW HITPOINT WARNING * * *
You feel better.
The bullfrog hits you but does no damage.
The human hits you with a +0 war axe.
* * * LOW HITPOINT WARNING * * *
You block the human's attack.
The bullfrog hits you but does no damage.
You block the human's attack. You block the bullfrog's attack.
The human hits you but does no damage.
The bullfrog hits you but does no damage.
The human hits you with a +0 war axe.
* * * LOW HITPOINT WARNING * * *
You block the human's attack. The bullfrog completely misses you.
You block the bullfrog's attack.
The human hits you but does no damage. x2
The bullfrog hits you but does no damage.
The human barely misses you. You block the human's attack.
You block the bullfrog's attack.
The bullfrog hits you but does no damage.
You block the human's attack. x2
You block the bullfrog's attack. The human hits you with a +0 war axe!
* * * LOW HITPOINT WARNING * * *
You block the human's attack.
The bullfrog hits you but does no damage.
The bullfrog hits you but does no damage.
You block the human's attack. The human hits you but does no damage.
The bullfrog hits you.
* * * LOW HITPOINT WARNING * * *
You block the human's attack. The human hits you with a +0 war axe!
You die...

##...## #.....#
#.∩.∩.#
#.....######
####...##....##
##~~#'#'#......##
#~~~~†#))..#....#
#~~~~~#...####..#
#~~~~~#...#.Fp♣.#
##~~~##...#.gpF.#
##+####..###o###
+..# ..~
####≈..~≈ #≈.~≈##
≈~.~≈# ~~..~≈#
~~.~.~≈#


You could see 2 humans, 2 bullfrogs, a gnoll and an orc.

Vanquished Creatures
  Grinder (D:6)
  Prince Ribbit (Bailey)
  A human (Bailey)
  3 water moccasins
  A sky beast (D:6)
  2 ogres
  A phantom (D:5)
  A kobold brigand (D:5)
  12 bullfrogs
  3 scorpions
  2 necrophages
  3 hounds
  A jelly (D:6)
  An orc priest (D:5)
  A gnoll bouda (D:6)
  Natasha (thrice) (D:2)
  3 iguanas
  4 orc wizards
  Robin (D:3)
  5 gnolls
  10 adders
  A shadow imp (D:6)
  A white imp (D:6)
  2 ufetubi
  2 worms (D:2)
  2 dart slugs
  16 orcs
  4 endoplasms (D:2)
  7 giant cockroaches
  7 goblins
  11 hobgoblins
  5 jackals
  A quokka (D:2)
  4 ball pythons
  12 bats
  6 frilled lizards
  16 kobolds
  2 rats
159 creatures vanquished.

Notes
Turn   | Place    | Note
-------+----------+-------------------------------------------
     0 | D:1      | Juicyj the Troll Fighter began the quest for the Orb.
     0 | D:1      | Reached XP level 1. HP: 22/22 MP: 0/0
    98 | D:1      | Reached XP level 2. HP: 29/29 MP: 1/1
   466 | D:2      | Reached XP level 3. HP: 36/36 MP: 2/2
   627 | D:2      | Noticed Natasha
   633 | D:2      | Killed Natasha
   634 | D:2      | Reached XP level 4. HP: 42/44 MP: 3/3
   656 | D:2      | Noticed Natasha
   663 | D:2      | Killed Natasha
  1156 | D:2      | Noticed Natasha
  1166 | D:2      | Killed Natasha
  1167 | D:2      | Reached XP level 5. HP: 51/53 MP: 4/4
  1233 | D:3      | Found a large runed translucent door.
  1233 | D:3      | Found a large runed translucent door.
  1234 | D:3      | Noticed bchevrier's ghost (amateur GnWn)
  1575 | D:3      | Noticed Robin
  1588 | D:3      | Killed Robin
  1653 | D:3      | Found a hazy altar of Hepliaklqana.
  1656 | D:3      | Found a glowing silver altar of Zin.
  1822 | D:4      | Found a radiant altar of Vehumet.
  2048 | D:4      | Identified the +9 dagger of Plog {heavy, rPois}
  2154 | D:4      | Reached XP level 6. HP: 54/61 MP: 5/5
  2260 | D:4      | Found a staircase to the Ecumenical Temple.
  3072 | D:5      | Entered Level 5 of the Dungeon
  3312 | D:5      | Reached XP level 7. HP: 68/68 MP: 6/6
  3777 | D:5      | Reached skill level 5 in Shields
  3777 | D:5      | Reached XP level 8. HP: 68/79 MP: 7/7
  3984 | D:5      | Reached skill level 5 in Unarmed Combat
  4270 | D:6      | Noticed Grinder
  4277 | D:6      | Killed Grinder
  4278 | D:6      | Reached skill level 5 in Fighting
  4278 | D:6      | Reached skill level 5 in Dodging
  4342 | D:6      | Found a white marble altar of Elyvilon.
  4342 | D:6      | Found an iron altar of Okawaru.
  4996 | D:6      | Reached XP level 9. HP: 88/88 MP: 8/8
  5654 | D:7      | Found a flagged portal.
  5663 | Bailey   | Entered a bailey
  5743 | Bailey   | Noticed Prince Ribbit
  5758 | Bailey   | Killed Prince Ribbit
  5788 | Bailey   | HP: 6/133 [human/+0 war axe (4)]
  5811 | Bailey   | HP: 6/133 [bullfrog (6)]
  5812 | Bailey   | Slain by a human

Illustrated notes

Levels and vault maps discovered:
D:1:      wander_arrival_abandoned_jail, layout_basic, minmay_pentomino_u2
D:2:      layout_loops_ring, uniq_natasha
D:3:      layout_basic, chequers_temple_overflow_statue_of_worship,
          ebering_ghost_disaster_area, uniq_robin
D:4:      layout_layer_cave, fiery_altar_vehumet,
          minmay_temple_entry_drinking_statues
D:5:      layout_gridville
D:6:      layout_layer_cave, mainiacjoe_overflow_large_starburst,
          minmay_diced_spiral, uniq_grinder
D:7:      layout_loops_ring, fedhas_altar_decomposition, enter_bailey_2,
          gammafunk_ghost_necromancy
Bailey:   bailey_axe_froggy_fort_hellmonk, bailey

Skill      XL: |  1  2  3  4  5  6  7  8  9 |
---------------+----------------------------+-----
Shields        | 3 4 5 6 |  6.7
Fighting       | 3 4 5 6 |  6.1
Dodging        | 3 4 5 6 |  6.1
Unarmed Combat | 3 4 6 |  6.9

Action                   |  1- 3 |  4- 6 |  7- 9 || total
-------------------------+-------+-------+-------++-------
Melee: Unarmed           |    80 |   158 |   272 ||   510
Throw: Throwing net      |       |       |     1 ||     1
  Use: Scroll            |       |    10 |     5 ||    15
       Potion            |       |     5 |     8 ||    13
 Stab: Sleeping          |     1 |     5 |     2 ||     8
Armor: Robe              |    31 |    42 |   105 ||   178
       Skin              |       |       |    25 ||    25
Dodge: Dodged            |    38 |    43 |   113 ||   194
Block: Kite shield       |    36 |    54 |   186 ||   276

Table legend: (Time is in decaauts)
 A = Elapsed time spent in this place.
 B = Non-inter-level travel time spent in this place.
 C = Inter-level travel time spent in this place.
 D = Time resting spent in this place.
 E = Time spent auto-exploring this place.
 F = Levels seen in this place.
 G = Mean time per level.
                   A        B        C        D        E       F      G
               +--------+--------+--------+--------+--------+-----+--------+
         Total |   5830 |   5713 |    117 |      0 |   4638 |   8 |  728.8 |
       Dungeon |   5695 |   5578 |    117 |      0 |   4591 |   7 |  813.6 |
        Bailey |    135 |    135 |      0 |      0 |     47 |   1 |  135.0 |
               +--------+--------+--------+--------+--------+-----+--------+

Top non-repeatable levels by time:
     D:6: 1409 daAuts
     D:4: 1387 daAuts
     D:5: 1092 daAuts
     D:2: 746 daAuts
     D:3: 507 daAuts
     D:1: 455 daAuts
  Bailey: 135 daAuts
     D:7: 96 daAuts
